 Dungeon Crawl Stone Soup version 0.25.1-2-g60ff931df9 (webtiles) character file.

Game seed: 1760158425339936013

639 hawla the Slasher (level 7, -5/91 HPs)
             Began as a Minotaur Berserker on Oct 27, 2020.
             Was a Priest of Trog.
             Slain by Duvessa
             ... wielding a +0 short sword
              (11 damage)
             ... on level 5 of the Dungeon.
             The game lasted 00:09:05 (4109 turns).

hawla the Slasher (Minotaur Berserker)              Turns: 4109, Time: 00:09:06

Health: -5/91      AC: 23    Str: 26    XL:     7   Next: 25%
Magic:  6/6        EV:  2    Int:  4    God:    Trog [***...]
Gold:   132        SH:  0    Dex:  9    Spells: 6/6 levels left

rFire    . . .     SeeInvis .   a - +0 falchion
rCold    . . .     Gourm    .   (no shield)
rNeg     + + +     Faith    .   (armour currently unavailable)
rPois    +         Spirit   .   (helmet currently unavailable)
rElec    .         Reflect  .   (cloak currently unavailable)
rCorr    .         Harm     .   (gloves currently unavailable)
MR       .....     NoTele   +   (boots currently unavailable)
Stlth    ..........             j - amulet of the acrobat
HPRegen  0.25/turn              (no ring)
MPRegen  0.10/turn              (no ring)

@: tree-form, silence, very slightly contaminated
A: (retaliatory headbutt), sense surroundings 1, strong 1
a: Renounce Religion


You were on level 5 of the Dungeon.
You worshipped Trog.
Trog was most pleased with you.
You were hungry.
You were a tree.
You visited 1 branch of the dungeon, and saw 5 of its levels.

You collected 132 gold pieces.

Inventory:

Hand Weapons
 a - a +0 falchion (weapon)
 l - a +0 dagger of protection
Missiles
 f - 3 silver javelins
 h - 15 javelins (quivered)
 v - 8 atropa-tipped darts
Armour
 d - the +2 pair of gloves of Gufefaen (melded) {Str+3 Int+5}
   (You found it on level 4 of the Dungeon)

   It affects your strength (+3).
   It affects your intelligence (+5).
 t - a +2 leather armour of cold resistance (melded)
Jewellery
 j - an amulet of the acrobat (around neck)
Scrolls
 p - a scroll of magic mapping
 q - 2 scrolls of identify
 u - 3 scrolls of remove curse
Potions
 k - a potion of lignification
 o - a potion of cancellation
Comestibles
 c - 6 rations


   Skills:
 + Level 5.0 Fighting
 + Level 2.0(4.6) Short Blades
 + Level 7.1(7.3) Long Blades
 + Level 0.5 Throwing
 + Level 3.0 Armour
 * Level 5.2 Dodging


You had 6 spell levels left.
You didn't know any spells.
Your spell library was empty.

Dungeon Overview and Level Annotations

Branches:
Dungeon (5/15)
 Temple: D:4-7

Altars:
Fedhas
Trog
Uskayaw
Yredelemnul
The Shining One

Annotations:
D:5 Duvessa, Menkaure


Innate Abilities, Weirdness & Mutations

((You reflexively headbutt those who attack you in melee.))
((You have a pair of horns on your head.))
((You can translocate small distances at will.))
You passively map a small area around you.
Your muscles are strong. (Str +2)


Message History

The +2 pair of gloves of Gufefaen {Str+3 Int+5} melds into your body.
Your +2 leather armour of cold resistance melds into your body.
You feel less resistant to cold.
Your roots penetrate the ground.
Duvessa hits you with a +0 short sword!
* * * LOW HITPOINT WARNING * * *
Menkaure hits you but does no damage.
You hit Duvessa but do no damage.
Duvessa is moderately wounded.
Duvessa hits you but does no damage. Menkaure hits you but does no damage.
Unknown command.
Okay, then.
You barely miss Duvessa.
Duvessa is moderately wounded.
Duvessa hits you but does no damage. Menkaure hits you but does no damage.
Duvessa hits you but does no damage.
You barely miss Duvessa.
Duvessa is moderately wounded.
You are feeling hungry.
Duvessa hits you with a +0 short sword!
You die...

.....,#..#....#
....#.##.....$.
###.....§....%..
#####..##...........
##..#...#..#....)§...
#.............#......
#..#..........#......
#..##M....#..........
#...♣e.##.##....#....
#...#.### ..##..#....
#...### ,. #.......
##### * #....... *
#...... #......
...... ..... ,


You could see Duvessa (berserk) and Menkaure (fast).

Vanquished Creatures
  An eye of draining (D:4)
  A scorpion (D:3)
  Dowan (D:5)
  A howler monkey (D:4)
  A centaur zombie (D:5)
  3 orc wizards (D:4)
  3 orc priests (D:4)
  A hound skeleton (D:4)
  Robin (D:4)
  7 adders
  An ooze (D:1)
  An adder skeleton (D:4)
  A dart slug (D:1)
  A leopard gecko (D:3)
  20 orcs
  5 giant cockroaches
  2 gnoll zombies (D:3)
  18 goblins
  9 hobgoblins
  10 kobolds
  2 quokkas
  2 ball pythons
  3 bats (D:1)
  2 frilled lizards
  A leopard gecko skeleton (D:4)
  5 rats
103 creatures vanquished.

Notes
Turn   | Place    | Note
-------+----------+-------------------------------------------
     0 | D:1      | hawla the Minotaur Berserker began the quest for the Orb.
     0 | D:1      | Reached XP level 1. HP: 19/19 MP: 0/0
   133 | D:1      | Reached skill level 4 in Long Blades
   133 | D:1      | Reached XP level 2. HP: 24/27 MP: 1/1
   689 | D:1      | Reached XP level 3. HP: 28/33 MP: 2/2
   690 | D:1      | Reached ** piety under Trog
   705 | D:1      | You fall into a shaft and drop 1 floor!
  1398 | D:2      | Found a hide-covered altar of Uskayaw.
  1852 | D:3      | Reached skill level 5 in Long Blades
  2077 | D:3      | Reached XP level 4. HP: 38/40 MP: 3/3
  2107 | D:3      | Found a glowing golden altar of the Shining One.
  2190 | D:3      | Found a basalt altar of Yredelemnul.
  2438 | D:3      | Found a blossoming altar of Fedhas.
  2786 | D:4      | Reached skill level 1 in Short Blades
  2838 | D:4      | Reached XP level 5. HP: 42/47 MP: 4/4
  2851 | D:4      | Reached *** piety under Trog
  2909 | D:4      | Gained mutation: You can translocate small distances at
                  | will. [potion of mutation]
  2909 | D:4      | Gained mutation: You passively map a small area around you.
                  | [potion of mutation]
  2909 | D:4      | Gained mutation: Your muscles are strong. (Str +2) [potion
                  | of mutation]
  3168 | D:4      | Got a pair of twisted gloves
  3174 | D:4      | Identified the +2 pair of gloves of Gufefaen {Str+3 Int+5}
                  | (You found it on level 4 of the Dungeon)
  3343 | D:4      | Reached XP level 6. HP: 53/53 MP: 5/5
  3372 | D:4      | Reached skill level 6 in Long Blades
  3522 | D:4      | Found a bloodstained altar of Trog.
  3581 | D:4      | Noticed Robin
  3687 | D:3      | Reached skill level 5 in Dodging
  3711 | D:4      | Killed Robin
  3725 | D:4      | Reached XP level 7. HP: 55/60 MP: 6/6
  4031 | D:5      | Entered Level 5 of the Dungeon
  4078 | D:5      | Reached skill level 5 in Fighting
  4080 | D:5      | Noticed Dowan
  4080 | D:5      | Noticed Duvessa
  4089 | D:5      | Noticed Menkaure
  4094 | D:5      | Killed Dowan
  4094 | D:5      | Reached skill level 7 in Long Blades
  4109 | D:5      | Slain by Duvessa

Illustrated notes

Levels and vault maps discovered:
D:1:      minmay_arrival_four_loops, layout_basic, minivault_24
D:2:      layout_basic, eat_drink_and_be_merry_uskayaw, serial_bayou,
          serial_bayou_pond_d, serial_bayou_pond_b, serial_bayou_pond_c,
          serial_bayou_lagoon_a
D:3:      layout_basic, nicolae_tso_carved_into_rock, fedhas_ov_isle_minmay,
          lemuel_zombie_altar_yredelemnul, minmay_door_square
D:4:      layout_loops_cross, trog_eyes_of_draining, uniq_robin
D:5:      layout_cave_pools, first_ration, uniq_duvessa, uniq_menkaure

Skill      XL: |  1  2  3  4  5  6  7 |
---------------+----------------------+-----
Long Blades    | 4 5 6 7 |  7.1
Fighting       | 4 5 |  5.0
Dodging        | 3 4 5 |  5.2
Short Blades   | 1 2 |  2.0
Armour         | 3 |  3.0
Throwing       | |  0.5

Action                   |  1- 3 |  4- 6 |  7- 9 || total
-------------------------+-------+-------+-------++-------
Melee: Falchion          |    47 |    94 |    25 ||   166
       Headbutt          |    15 |    42 |     7 ||    64
       Dagger            |    30 |    59 |       ||    89
Throw: Javelin           |       |     5 |       ||     5
 Abil: Blink             |       |       |     2 ||     2
  Use: Scroll            |     4 |     3 |     3 ||    10
       Potion            |       |     4 |     4 ||     8
  Eat: Chunk             |     4 |     5 |     1 ||    10
Armor: Animal skin       |    13 |     9 |       ||    22
       Leather armour    |       |    22 |     6 ||    28
       Skin              |       |       |     5 ||     5
Dodge: Dodged            |    55 |    91 |    15 ||   161
       Rpst.: Falchion   |     7 |    16 |     3 ||    26
